 Dungeon Crawl Stone Soup version 0.30-a0-292-g0f741e3f8e (webtiles) character file.

Game seed: 979403125355066714

1 hikkokomori the Trooper (level 1, -10/14 HPs)
             Began as a Gargoyle Berserker on Oct 17, 2022.
             Was a Follower of Trog.
             Mangled by a lich (11 damage)
             ... on level 1 of the Abyss.
             The game lasted 00:01:21 (102 turns).

hikkokomori the Trooper (Gargoyle Berserker)         Turns: 102, Time: 00:01:22

Health: -10/14     AC:  4    Str: 20    XL:     1   Next: 20%
Magic:  1/1        EV: 11    Int:  7    God:    Trog [*.....]
Gold:   14         SH:  0    Dex:  9    Spells: 0/0 levels left

rFire   . . .      SeeInvis .    a - +0 hand axe
rCold   . . .      Faith    .    (no shield)
rNeg    + . .      Spirit   .    b - +0 animal skin
rPois   ∞          Reflect  .    (no helmet)
rElec   +          Harm     .    (no cloak)
rCorr   .          Rampage  .    (no gloves)
Will    .....                    (no boots)
Stlth   +.........               (no amulet)
HPRegen 0.22/turn                (no ring)
MPRegen 0.07/turn                (no ring)

@: slowed, very slow
A: sickness immunity, AC +2, negative energy resistance 1, electricity
resistance, torment resistance 1, petrification resistance
a: Renounce Religion, Berserk


You were on level 1 of the Abyss.
You worshipped Trog.
Trog was aware of your devotion.
You visited 1 branch of the dungeon, and saw 1 of its levels.
You visited the Abyss 1 time.

You collected 14 gold pieces.

Inventory:

Hand Weapons
 a - a +0 hand axe (weapon)
Armour
 b - a +0 animal skin (worn)
Potions
 c - a potion of curing {unknown}


   Skills:
 + Level 3.3 Fighting
 + Level 2.7 Axes
 - Level 2.1 Armour
 - Level 1.5 Dodging


You couldn't memorise any spells.
You didn't know any spells.
Your spell library was empty.

Dungeon Overview and Level Annotations

Branches:
Dungeon (1/15)

Altars:


Innate Abilities, Weirdness & Mutations

You are immune to sickness and miasma.
Your stone body is resilient. (AC +2)
You are immune to poison.
You resist negative energy. (rN+)
You are resistant to electric shocks. (rElec)
You are resistant to unholy torment.
You are immune to petrification.


Message History

The kobold is wielding a +0 dagger of distortion.
The kobold shouts!
You hit the quokka.
You kill the quokka!
Trog accepts your kill. The kobold hits you but does no damage.
You are cast into the Abyss!
To return, you must find a gate leading back.
Killing monsters will force the Abyss to allow you passage.
This branch contains the abyssal rune of Zot.
Unknown command.
You aren't carrying any scrolls.
Okay, then.
A lich comes into view.
The lich shouts!
You hear a bark!
The lich mumbles some strange words.
The lich flickers and vanishes!
Deactivating autopickup; reactivate with Ctrl-A.
The large abomination misses you.
You hear some strange, mumbled words.
A death knight comes into view. It is wielding a +2 vorpal battleaxe.
The death knight shouts!
You feel yourself slow down.
You feel as though you will be slow longer.
The death knight mumbles some strange prayers to Yredelemnul against you.
Your body is wracked with pain!
You hear some strange, mumbled words.
A bolt of cold appears from out of thin air!
The bolt of cold misses you.
The death knight calls down the wrath of Yredelemnul upon you.
Your body is wracked with pain!
Something touches you!
Ouch! That really hurt!
* * * LOW HITPOINT WARNING * * *
The death knight calls down the wrath of Yredelemnul upon you.
Something touches you but does no damage.
Unknown command.
Something touches you!
Ouch! That really hurt!
You die...

.. ................ .
........ ........ ##.
#......##......##
##..##......##......##.
.#......................
........###...###...###.
#.......#.....#.....#..
#....@{pX.............
...#.....#.....# ....#..
#....###...###...###
#.#.## # .## ## ## #
#### ### #.# # . ... # .
####.#.. .#. #..


You could see a death knight and a large abomination.

Vanquished Creatures
  A quokka (D:1)
1 creature vanquished.

Notes
Turn   | Place    | Note
-------+----------+-------------------------------------------
     0 | D:1      | hikkokomori the Gargoyle Berserker began the quest for the
                  | Orb.
     0 | D:1      | Reached XP level 1. HP: 14/14 MP: 1/1
    49 | Abyss:1  | Cast into level 1 of the Abyss (kobold)
    79 | Abyss:1  | Noticed a large abomination
    84 | Abyss:1  | Noticed a lich
    94 | Abyss:1  | Noticed a death knight
   102 | Abyss:1  | Mangled by a lich

Illustrated notes

Levels and vault maps discovered:
D:1:      onia_arrival_pyramid, layout_basic
Abyss:1:  base: D:1, evilmike_abyss_exit_plants, evilmike_abyss_exit_glass

Action                   || total
-------------------------++-------
Melee: Hand axe          ||     1
Armor: Animal skin       ||     2
Dodge: Dodged            ||     2

Table legend: (Time is in decaauts)
 A = Elapsed time spent in this place.
 B = Non-inter-level travel time spent in this place.
 C = Inter-level travel time spent in this place.
 D = Time resting spent in this place.
 E = Time spent auto-exploring this place.
 F = Levels seen in this place.
 G = Mean time per level.
                   A        B        C        D        E       F      G
               +--------+--------+--------+--------+--------+-----+--------+
         Total |    104 |    104 |      0 |      0 |     44 |   2 |   52.0 |
       Dungeon |     49 |     49 |      0 |      0 |     44 |   1 |   49.0 |
         Abyss |     55 |     55 |      0 |      0 |      0 |   1 |   55.0 |
               +--------+--------+--------+--------+--------+-----+--------+

Top non-repeatable levels by time:
 Abyss:1: 55 daAuts
     D:1: 49 daAuts
